 Dungeon Crawl Stone Soup version 0.29.0-4-gdea44cf6ec (webtiles) character file.

Game seed: 14803845869647972238

170 HoaS the Shooter (level 5, -2/30 HPs)
             Began as a Gargoyle Hunter on Aug 27, 2022.
             Killed from afar by an oklob plant (32 damage)
             ... with a splash of acid
             ... on level 4 of the Dungeon.
             The game lasted 00:06:57 (3086 turns).

HoaS the Shooter (Gargoyle Hunter)                  Turns: 3086, Time: 00:06:57

Health: -2/30      AC:  9    Str: 14    XL:     5   Next: 51%
Magic:  5/5        EV: 11    Int: 10    God:
Gold:   149        SH:  0    Dex: 15    Spells: 4/4 levels left

rFire   . . .      SeeInvis .   n - +2 shortbow (freeze)
rCold   . . .      Faith    .   (shield currently unavailable)
rNeg    + . .      Spirit   .   c - +0 leather armour
rPois   ∞          Reflect  .   (no helmet)
rElec   +          Harm     .   i - +1 cloak
rCorr   .          Rampage  .   (no gloves)
Will    .....                   (no boots)
Stlth   ++........              j - amulet of regeneration
HPRegen 0.90/turn               (no ring)
MPRegen 0.09/turn               (no ring)

@: no status effects
A: sickness immunity, AC +4, negative energy resistance 1, electricity
resistance, torment resistance 1, petrification resistance
a: no special abilities


You were on level 4 of the Dungeon.
You visited 1 branch of the dungeon, and saw 4 of its levels.

You collected 375 gold pieces.
You spent 226 gold pieces at shops.

Inventory:

Hand Weapons
 n - a +2 shortbow of freezing (weapon)
Armour
 c - a +0 leather armour (worn)
 i - a +1 cloak (worn)
Jewellery
 j - an amulet of regeneration (around neck)
Scrolls
 b - a scroll of immolation
 e - 2 scrolls of teleportation
Potions
 a - a potion of heal wounds {unknown}
 d - 2 potions of curing
 f - a potion of ambrosia {unknown}
 g - a potion of berserk rage {unknown}
 h - a potion of mutation {unknown}
 k - 4 potions of attraction
 l - a potion of brilliance {unknown}
 m - 2 potions of degeneration {unknown}


   Skills:
 - Level 2.1 Fighting
 + Level 6.6 Ranged Weapons
 - Level 1.5 Dodging
 - Level 1.1 Stealth


You had 4 spell levels left.
You didn't know any spells.
Your spell library contained the following spells:

 Spells                   Type           Power      Damage    Failure   Level
 Summon Small Mammal      Summ           0%         N/A       43%         1
 Call Canine Familiar     Summ           0%         N/A       82%         3
 Summon Guardian Golem    Hex/Summ       0%         N/A       82%         3
 Cause Fear               Hex            0%         N/A       99%         4
 Dragon Form              Tmut           0%         N/A       100%        7
 Dragon's Call            Summ           0%         N/A       100%        9


Dungeon Overview and Level Annotations

Branches:
Dungeon (4/15)
 Temple: D:4-7

Altars:
Dithmenos
Fedhas

Shops:
D:3 *   D:4 (

Annotations:
D:4 exclusion: oklob plant, Eustachio


Innate Abilities, Weirdness & Mutations

You are immune to sickness and miasma.
Your stone body is resilient. (AC +4)
You are immune to poison.
You resist negative energy. (rN+)
You are resistant to electric shocks. (rElec)
You are resistant to unholy torment.
You are immune to petrification.


Message History

You shoot an arrow. The arrow hits the plant.
The plant begins to die.
The arrow freezes the plant.
The plant is lightly damaged.
You shoot an arrow. The arrow hits the plant.
The arrow freezes the plant.
The plant is lightly damaged.
You shoot an arrow. The arrow hits the plant!
The arrow freezes the plant.
The plant is lightly damaged.
You shoot an arrow. The arrow hits the plant!
The arrow freezes the plant.
The plant is moderately damaged.
A nearby plant withers and dies.
You shoot an arrow. The arrow hits the plant!
The plant begins to die.
The arrow freezes the plant.
The plant is lightly damaged.
You shoot an arrow. The arrow hits the plant.
The arrow freezes the plant.
The plant is lightly damaged.
You shoot an arrow. The arrow hits the plant.
The arrow freezes the plant.
The plant is lightly damaged.
You shoot an arrow. The arrow hits the plant!
The arrow freezes the plant.
The plant is lightly damaged.
A nearby plant withers and dies.
You shoot an arrow. The arrow hits the fungus!
The fungus begins to die.
The arrow freezes the fungus.
The fungus is lightly damaged.
You shoot an arrow. The arrow hits the fungus.
The arrow freezes the fungus.
The fungus is lightly damaged.
You shoot an arrow. The arrow hits the fungus.
The arrow freezes the fungus.
The fungus is lightly damaged.
You shoot an arrow. The arrow hits the fungus!
The arrow freezes the fungus.
The fungus is lightly damaged.
A nearby fungus withers and dies.
You shoot an arrow. You shoot an arrow.
Really walk into a travel-excluded area?
You shoot an arrow. The arrow hits the oklob plant.
The arrow freezes the oklob plant.
The oklob plant is lightly damaged.
The oklob plant spits acid at you. The splash of acid hits you!!
Ouch! That really hurt!
You die...
PPPPPP#.P### P.P#PP.....P# PP#PPPP....P

.....P#..PP
~.~~..P..P###
~.~~~....#PP#
≈~.~≈~~...PPP#
~~≈~.~≈≈~~@..PP#
#.~≈≈~...≈≈≈~...P.#
P.~≈≈~._.≈≈≈~.#PP##
P.~≈≈~...~≈≈≈.P#PP#
..~~≈≈≈~~≈≈≈~.PPPP#
#..~≈≈≈≈≈≈~~..PPPP#
#..~≈≈≈≈≈~..#PPPP#
#P..~~~≈≈...P.##P#
#PP.......PP.## P#


You could see an oklob plant.

Vanquished Creatures
  7 adders
  7 worms
  2 dart slugs
  3 orcs (D:3)
  4 ball pythons
  6 endoplasms
  4 giant cockroaches
  A goblin (D:4)
  12 hobgoblins
  4 jackals (D:1)
  10 kobolds
  4 quokkas
  4 bats
  5 frilled lizards
  5 rats
78 creatures vanquished.

Vanquished Creatures (others)
  5 fungi (D:4)
  5 plants (D:4)
10 creatures vanquished.

Grand Total: 88 creatures vanquished

Notes
Turn   | Place    | Note
-------+----------+-------------------------------------------
     0 | D:1      | HoaS the Gargoyle Hunter began the quest for the Orb.
     0 | D:1      | Reached XP level 1. HP: 12/12 MP: 1/1
   284 | D:1      | Reached XP level 2. HP: 15/17 MP: 2/2
  1082 | D:2      | Reached XP level 3. HP: 21/21 MP: 3/3
  1099 | D:2      | Reached skill level 5 in Ranged Weapons
  1387 | D:2      | Reached XP level 4. HP: 22/26 MP: 4/4
  1946 | D:3      | Found a shadowy altar of Dithmenos.
  1954 | D:3      | Found a faded altar of an unknown god.
  2069 | D:3      | Reached skill level 6 in Ranged Weapons
  2088 | D:3      | Reached XP level 5. HP: 30/30 MP: 5/5
  2175 | D:3      | Found Huhumogu's General Store.
  2604 | D:4      | Noticed Eustachio
  2716 | D:4      | Found Ulil's Weapon Shop.
  2734 | D:4      | Bought a +2 shortbow of freezing for 226 gold pieces
  3024 | D:4      | Found a blossoming altar of Fedhas.
  3041 | D:4      | Noticed an oklob plant
  3086 | D:4      | Killed from afar by an oklob plant

Illustrated notes

Levels and vault maps discovered:
D:1:      minmay_arrival_doors, layout_basic
D:2:      layout_loops_ring
D:3:      minmay_thinvault, layout_rooms, mainiacjoe_overflow_cross_hatched,
          serial_shops, nicolae_shop_stone,
          shapermc_ecumenical_altar_mp_highgroup, serial_glass, glass_columns_c,
          glass_columns_b, nicolae_wormholes
D:4:      layout_gridville, tgw_fedhas, serial_shops, shop_coins, uniq_eustachio

Skill      XL: |  1  2  3  4 |
---------------+-------------+-----
Ranged Weapons | 5 6 |  6.6
Fighting       | |  2.1
Dodging        | |  1.5
Stealth        | |  1.1

Action                   |  1- 3 |  4- 6 || total
-------------------------+-------+-------++-------
 Fire: Shortbow          |   108 |   197 ||   305
  Use: Scroll            |       |     9 ||     9
Armor: Leather armour    |    18 |    30 ||    48
Dodge: Dodged            |    35 |    39 ||    74
